Sappho, chaotic male human Wizard --- -------- --.---- ---......-- |.....| |.........| -----------------------.....-- |.........----...............)..).........-- --.......<......--------------------(--....-- |.........------ |.|---...-- --- |.........| |.| --...--- ..| ---.......| ---)| --....| ..-- --.....-- -- |...| |....--...| --....| |.. |..-------....))...-- |....| -..... ---- |..|....(......| ---..- .... --..............---------- --- --.. -.... -- -----........................>.....| --- --....... --.--......)..........--------- |..........@................--.-- -...............----.........-- -- ---. --........| |..|..--..| -- ---.--.--- ----------- -- --- Sappho the Conjurer Experience level: 4 Strength: 10 Dexterity: 15 Constitution: 13 Intelligence: 17 Wisdom: 10 Charisma: 10 Health: 0(29) Energy: 36(36) Def: 1 Gold: 175 Moves: 685 Dungeon seed: QgP7NkB98KZ5pRNX Game ID: Sappho_1584636710 Your Inventory: Coins $ - 175 gold pieces Weapons a - a blessed +1 quarterstaff (weapon in hands) p - a blessed +1 spear r - a blessed +0 sling s - a +0 crossbow bolt (in quiver) t - a +1 crossbow w - a blessed +0 arrow A - 17 +0 arrows B - a +0 bow C - 2 +0 daggers Armor e - an uncursed +0 cloak of magic resistance (being worn) Comestibles z - an uncursed carrot Scrolls i - a blessed scroll of taming j - an uncursed scroll of light k - a blessed scroll of charging v - a cursed scroll of destroy armor Spellbooks l - a blessed spellbook of force bolt m - an uncursed spellbook of cause fear Potions f - an uncursed potion of sleeping g - 2 uncursed potions of healing h - an uncursed potion of oil Rings c - an uncursed +1 ring of protection d - an uncursed ring of regeneration Wands b - a wand of opening (0:5) u - a wand of teleportation (0:5) Tools n - an uncursed blindfold Spells and supernatural/magical abilities: Name Level Category Fail Memory a - force bolt 1 attack 0% 97% c - cause fear 3 enchantment 0% 97% W - pray for help -- divine ? -- Your skills at the end: Fighting Skills Weapon Skills quarterstaff [Basic] Spellcasting Skills attack spells [Basic] enchantment spells [Basic] Final Attributes: You were piously aligned. You were magic-protected. You are dead. Vanquished creatures: a shrieker 2 gnome lords 2 dwarves a hobbit a yellow mold 8 gnomes a jackal a fox a kobold a goblin 2 sewer rats a lichen a newt 23 creatures vanquished. Voluntary challenges: You went without food. You were an atheist. You used a wielded weapon 21 times, starting on turn 238. You were illiterate. You never genocided any monsters. You never polymorphed an object. You never changed form. You used no wishes. You never split a pudding. You never wrote Elbereth's name. You never violated your personal moral code. Dungeon overview: The Dungeons of Doom: levels 1 to 3 Level 1 a fountain a long staircase Level 2 Level 3 stairs to The Gnomish Mines The Gnomish Mines: Level 4 <- You were here stairs to The Dungeons of Doom History has recorded: On T:1 you entered the Dungeons of Doom to retrieve the Amulet of Yendor! On T:320 you reached level 2 of The Dungeons of Doom. On T:419 you reached level 3 of The Dungeons of Doom. On T:442 you advanced to experience level 2. On T:487 you reached level 1 of The Gnomish Mines. On T:501 you advanced to experience level 3. On T:611 you advanced to experience level 4. Score breakdown: Gold: 175 ( 7638 points) Experience: 4 levels ( 9649 points) Exploration: 4 levels ( 8.33%) ( 7579 points) Discoveries: 0 items ( 0.00%) ( 0 points) Valuables value: (no points given unless you survive) Artifact value: 0 ( 0 points) Variety of kills: 13 monsters ( 3.41%) ( 5541 points) Turncount: 685 turns ( 0 points) Survival: died (score multiplied by 80%) Total score: 24325 Latest messages: You are hit by a dagger. The crossbow bolt misses the dwarf. The crossbow bolt hits the dwarf. You see here a dagger. C - a dagger. There are a few objects here. You see here a thonged club. You stop. Your kitten is in the way! The little dog bites! The little dog devours a food ration. You kill the dwarf! s - a crossbow bolt (in quiver). p - a spear. You see here a dwarf corpse. The little dog eats a dwarf corpse. You fall into a pit! You die... Final status: Goodbye Sappho the Wizard, fell into a pit... You died in The Gnomish Mines on dungeon level 4 with 24325 points, and 175 pieces of gold, after 685 moves. You were level 4 with a maximum of 29 hit points when you died.